 Dungeon Crawl Stone Soup version 0.28-a0-479-g5baa6b73be (webtiles) character file.

Game seed: 9420457333889601392

126 peenler the Covered (level 5, 0/33 HPs)
             Began as a Gargoyle Fighter on June 24, 2021.
             Was a Believer of Fedhas.
             Slain by an orc (2 damage)
             ... on level 3 of the Dungeon on Sept 17, 2021.
             The game lasted 00:12:17 (3281 turns).

peenler the Covered (Gargoyle Fighter)              Turns: 3281, Time: 00:12:18

Health: 0/33       AC: 11    Str: 21    XL:     5   Next: 10%
Magic:  5/5        EV:  7    Int:  8    God:    Fedhas [**....]
Gold:   78         SH:  8    Dex:  9    Spells: 4/4 levels left

rFire   . . .      SeeInvis .   a - +1 flail
rCold   . . .      Faith    .   c - +0 kite shield
rNeg    + . .      Spirit   .   b - +0 scale mail
rPois   ∞          Reflect  .   (no helmet)
rElec   +          Harm     .   (no cloak)
rCorr   .          Rampage  .   (no gloves)
Will    .....                   (no boots)
Stlth   ..........              (no amulet)
HPRegen 0.11/turn               (no ring)
MPRegen 0.09/turn               (no ring)

@: no status effects
A: sickness immunity, AC +4, negative energy resistance 1, electricity
resistance, torment resistance 1, petrification resistance
a: Renounce Religion, Wall of Briars


You were on level 3 of the Dungeon.
You worshipped Fedhas.
Fedhas was pleased with you.
You visited 1 branch of the dungeon, and saw 3 of its levels.

You collected 78 gold pieces.

Inventory:

Hand Weapons
 a - a +1 flail (weapon)
Missiles
 o - a throwing net (quivered)
Armour
 b - a +0 scale mail (worn)
 c - a +0 kite shield (worn)
Scrolls
 h - a scroll of identify {unknown}
 k - a scroll of teleportation {unknown}
 l - a scroll of immolation {unknown}
 m - a scroll of fog {unknown}
Potions
 d - a potion of might
 e - a potion of invisibility {unknown}
 f - a potion of heal wounds {unknown}
 g - a potion of magic {unknown}
 i - a potion of lignification {unknown}
 n - a potion of curing {unknown}


   Skills:
 + Level 3.7 Fighting
 + Level 3.1 Maces & Flails
 + Level 4.1 Armour
 + Level 1.2 Dodging
 + Level 0.1 Stealth
 + Level 4.0 Shields


You had 4 spell levels left.
You didn't know any spells.
Your spell library contained the following spells:

 Spells                   Type           Power      Damage    Failure   Level
 Apportation              Tloc           0%         N/A       99%         1
 Beastly Appendage        Tmut           0%         N/A       99%         1
 Wereblood                Tmut           0%         N/A       100%        2
 Spider Form              Tmut/Pois      0%         N/A       100%        3
 Alistair's Intoxication  Tmut/Pois      0%         N/A       100%        5
 Invisibility             Hex            0%         N/A       100%        6


Dungeon Overview and Level Annotations

Branches:
Dungeon (3/15)

Altars:
Dithmenos
Fedhas

Annotations:
D:3 1 runed translucent door, Crazy Yiuf


Innate Abilities, Weirdness & Mutations

You are immune to sickness and miasma.
Your stone body is resilient. (AC +4)
You are immune to poison.
You resist negative energy. (rN+)
You are resistant to electric shocks. (rElec)
You are resistant to unholy torment.
You are immune to petrification.


Message History

The orc is heavily wounded.
The orc barely misses you. The orc hits you but does no damage. x2
The orc hits you with a +0 hand axe. The orc hits you with a +0 trident.
The orc hits you but does no damage. The orc hits you with a +0 hand axe.
The orc hits you but does no damage.
You hit the orc.
The orc is moderately wounded.
The orc barely misses you. You block the orc's attack. x2
The orc hits you with a +0 trident. The orc closely misses you.
The orc hits you but does no damage. You block the orc's attack.
You closely miss the orc.
The orc is moderately wounded.
The orc barely misses you. The orc hits you but does no damage.
The orc barely misses you. The orc hits you but does no damage.
You block the orc's attack.
Your shield prevents you from hitting the orc.
The orc is moderately wounded.
The orc barely misses you. The orc hits you but does no damage. x2
The orc barely misses you. The orc hits you with a +0 hand axe.
The orc hits you but does no damage. You block the orc's attack.
You hit the orc.
The orc is heavily wounded.
The orc hits you with a +0 trident. The orc hits you with a +0 hand axe.
* * * LOW HITPOINT WARNING * * *
The orc hits you but does no damage. x2; The orc barely misses you.
You closely miss the orc.
The orc is heavily wounded.
The orc hits you but does no damage. x2; You block the orc's attack. x2
The orc hits you with a +0 hand axe.
* * * LOW HITPOINT WARNING * * *
The orc hits you with a +0 short sword.
* * * LOW HITPOINT WARNING * * *
You block the orc's attack. The orc hits you but does no damage.
You block the orc's attack.
You sock the orc!
You kill the orc!
Fedhas appreciates your contribution to the ecosystem.
The orc hits you with a +0 hand axe.
You die...
Fedhas appreciates your contribution to the ecosystem.

...#.##.#.......#..##...#
##.######......####.+...#
#.# ##.#..## ###..)# ##.###
######## ### .....# #.##
.....###..## .._..).....###
#######
.....###.....###.o..)##.####
.....# #........@)o.........
##.### #.....###.o...##.####
#.# #...#.# #........# ##.#
###..##.# #.#...#### ##.#
#...###.# #.##..# ...# ##'##
#.###.###.# #### #.#
#.........# # #.#
#####.##### # ##.## #.#


You could see 3 orcs.

Vanquished Creatures
  4 gnolls (D:3)
  2 adders (D:2)
  A worm (D:3)
  3 dart slugs (D:1)
  8 orcs (D:3)
  4 bats
  6 endoplasms
  A giant cockroach (D:1)
  4 goblins
  A hobgoblin (D:1)
  4 jackals (D:1)
  2 kobolds (D:1)
  A quokka (D:1)
  6 ball pythons
  3 frilled lizards (D:1)
  7 rats
57 creatures vanquished.

Notes
Turn   | Place    | Note
-------+----------+-------------------------------------------
     0 | D:1      | peenler the Gargoyle Fighter began the quest for the Orb.
     0 | D:1      | Reached XP level 1. HP: 14/14 MP: 1/1
   380 | D:1      | Reached XP level 2. HP: 19/19 MP: 2/2
   822 | D:1      | Reached XP level 3. HP: 23/23 MP: 3/3
  1049 | D:1      | Found a faded altar of an unknown god.
  1085 | D:1      | Became a worshipper of Fedhas Madash
  1085 | D:1      | Reached * piety under Fedhas
  1119 | D:1      | Upgraded the game from 0.27-a0-1325-g58a489ad9e to
                  | 0.28-a0-479-g5baa6b73be
  2215 | D:2      | Reached XP level 4. HP: 28/28 MP: 4/4
  2814 | D:3      | Reached skill level 1 in Dodging
  2874 | D:3      | Reached ** piety under Fedhas
  3065 | D:3      | Reached XP level 5. HP: 30/33 MP: 5/5
  3111 | D:3      | Found a shadowy altar of Dithmenos.
  3171 | D:3      | Found a runed translucent door.
  3172 | D:3      | Noticed Crazy Yiuf
  3281 | D:3      | Slain by an orc

Illustrated notes

Levels and vault maps discovered:
D:1:      mrwooster_arrival_statue, layout_basic,
          ebering_ecumenical_altar_sacrificial, serial_corexii_hall,
          corexii_hall_statues_x, corexii_hall_statues_s,
          chequers_hall_statues_y, corexii_hall_statues_u,
          chequers_hall_statues_wall_a, corexii_hall_statues_i, hex_medium,
          hangedman_abyss_or_decor_lesser_grid
D:2:      layout_loops_corners, grunt_ministairs_8, minmay_misc_feat_hallway
D:3:      layout_loops_corners, nicolae_overflow_crystal_walls, st_stairs_12,
          minivault_14, grunt_ministairs_5, uniq_crazy_yiuf_cottage

Skill      XL: |  1  2  3  4 |
---------------+-------------+-----
Dodging        | 1 |  1.2
Armour         | 4 |  4.1
Maces & Flails | 3 |  3.1
Shields        | 4 |  4.0
Fighting       | |  3.7
Stealth        | |  0.1

Action                   |  1- 3 |  4- 6 || total
-------------------------+-------+-------++-------
Melee: Flail             |   102 |    71 ||   173
  Use: Scroll            |       |     1 ||     1
Armor: Scale mail        |    70 |    47 ||   117
Dodge: Dodged            |    29 |    35 ||    64
Block: Kite shield       |    58 |    53 ||   111

Table legend: (Time is in decaauts)
 A = Elapsed time spent in this place.
 B = Non-inter-level travel time spent in this place.
 C = Inter-level travel time spent in this place.
 D = Time resting spent in this place.
 E = Time spent auto-exploring this place.
 F = Levels seen in this place.
 G = Mean time per level.
                   A        B        C        D        E       F      G
               +--------+--------+--------+--------+--------+-----+--------+
         Total |   3366 |   3366 |      0 |    599 |   1624 |   3 | 1122.0 |
       Dungeon |   3366 |   3366 |      0 |    599 |   1624 |   3 | 1122.0 |
               +--------+--------+--------+--------+--------+-----+--------+

Top non-repeatable levels by time:
     D:1: 1838 daAuts
     D:2: 1029 daAuts
     D:3: 499 daAuts
